 Dungeon Crawl Stone Soup version 0.17-a0-1837-g7c6a762 (webtiles) character file.

203 Rationalist the Shield-Bearer (level 6, -6/47 HPs)
             Began as a Formicid Fighter on Sept 15, 2015.
             Mangled by a gnoll
             ... wielding a cursed +0 flail
              (13 damage)
             ... on level 3 of the Dungeon.
             The game lasted 00:05:43 (2663 turns).

Rationalist the Shield-Bearer (Formicid Fighter)    Turns: 2663, Time: 00:05:43

Health: -6/47      AC:  7    Str: 20    XL:     6   Next: 8%
Magic:  15/15      EV:  9    Int:  8    God:
Gold:   149        SH: 10    Dex: 12    Spells: 0 memorised, 5 levels left

rFire  + . .     SeeInvis +     a - +0 flail
rCold  x . .     Clarity  .     b - +0 scale mail
rNeg   . . .     SustAt   .     c - +0 shield
rPois  .         Gourm    .     (helmet unavailable)
rElec  .         Spirit   .     (no cloak)
rCorr  .         Warding  .     (no gloves)
rMut   .         Stasis   +     (no boots)
MR     .....                    (no amulet)
Stlth  ..........               z - ring of fire
                                r - ring of magical power

@: not resistant to hostile enchantments, extremely unstealthy
A: permanent stasis, dig shafts and tunnels, four strong arms, antennae 3
a: Dig, Shaft Self


You were on level 3 of the Dungeon.
You were not hungry.

You visited 1 branch of the dungeon, and saw 3 of its levels.

You collected 149 gold pieces.

Inventory:

Hand weapons
 a - a +0 flail (weapon)
Missiles
 f - 87 bolts
 k - 39 sling bullets
 q - 25 poisoned needles
 x - 18 sling bullets of flame
 y - 6 curare-tipped needles
 A - 19 bolts of frost
Armour
 b - a +0 scale mail (worn)
 c - a +0 shield (worn)
Jewellery
 r - a ring of magical power (left hand)
 z - a ring of fire (right hand)
Scrolls
 g - 3 scrolls of remove curse {unknown}
 i - 2 scrolls of teleportation {unknown}
 l - a scroll of magic mapping {unknown}
 n - a scroll of enchant armour {unknown}
 p - a scroll of blinking {unknown}
 s - a scroll of immolation {unknown}
 w - a scroll of identify {unknown}
Potions
 d - a potion of might
 h - a potion of heal wounds
 o - a potion of lignification {unknown}
 t - a potion of ambrosia {unknown}
 u - a potion of curing {unknown}
 v - 2 potions of flight {unknown}
Comestibles
 e - 2 bread rations
 j - 2 beef jerkies
 m - a slice of pizza


   Skills:
 + Level 3.6 Fighting
 + Level 2.7 Maces & Flails
 + Level 4.4 Armour
 + Level 1.5 Dodging
 + Level 0.6 Stealth
 + Level 5.4 Shields


You had 5 spell levels left.
You didn't know any spells.

Dungeon Overview and Level Annotations

Branches:
Dungeon (3/15)

Altars:
Xom


Innate Abilities, Weirdness & Mutations

You are under a permanent stasis effect.
You can dig through walls and to a lower floor.
Your four strong arms can wield two-handed weapons with a shield.
You have a pair of large antennae on your head (SInv).


Message History

You kill the gnoll!
You barely miss the gnoll. You block the gnoll's attack.
You hit the gnoll.
The gnoll is lightly wounded.
The gnoll hits you with a flail. The gnoll hits you but does no damage.
You barely miss the gnoll.
The gnoll is lightly wounded.
The gnoll closely misses you.
Your shield and scale mail prevent you from hitting the gnoll.
The gnoll is lightly wounded.
The gnoll hits you with a flail.
* * * LOW HITPOINT WARNING * * *
You hit the gnoll.
The gnoll is moderately wounded.
The gnoll hits you with a flail!
* * * LOW HITPOINT WARNING * * *
You hit the gnoll.
The gnoll is heavily wounded.
The gnoll hits you with a flail!
You die...

≈≈≈###....##.#
##≈##.....##.#
####......'..#
#.........##.#
############.# #.#
########.#
#........###########
#.########..@g...... #.# #
..#.########. #####.#
#.#.#........# ...##.#
#.#.#######.## ##.#<.#
#.......#<..####.#
#.#..######.###.##(......#
#.#.........###......#####
#.#.........#........#
#...........#.#.#.##.#


You could see a gnoll.

Vanquished Creatures
  6 adders
  7 gnolls (D:3)
  3 worms
  2 giant geckos
  3 orcs (D:3)
  13 bats
  3 giant cockroaches
  10 goblins
  5 hobgoblins
  3 jackals (D:1)
  11 kobolds
  6 giant newts
  A quokka (D:3)
  8 rats
81 creatures vanquished.

Notes
Turn   | Place    | Note
--------------------------------------------------------------
     0 | D:1      | Rationalist the Formicid Fighter began the quest for the Orb.
     0 | D:1      | Reached XP level 1. HP: 18/18 MP: 1/1
    69 | D:1      | Reached XP level 2. HP: 16/24 MP: 2/2
   247 | D:1      | Reached skill level 4 in Shields
   277 | D:1      | Reached XP level 3. HP: 22/29 MP: 3/3
   858 | D:2      | Reached XP level 4. HP: 33/35 MP: 4/4
  1378 | D:2      | Reached skill level 5 in Shields
  1716 | D:3      | Reached skill level 1 in Dodging
  1716 | D:3      | Reached XP level 5. HP: 41/41 MP: 5/5
  2073 | D:3      | Found a shimmering altar of Xom.
  2651 | D:3      | Reached XP level 6. HP: 29/47 MP: 6/6
  2663 | D:3      | Mangled by a gnoll

Vault maps used:
D:1:      roderic_crop_circles_arrival_small, hex_tiny, grunt_decor_one_mirror
D:2:      first_bread, minmay_misc_feat_columns, solitary_fountain,
          minmay_bisected
D:3:      tgw_xom

Action                   |  1- 3 |  4- 6 || total
-------------------------+-------+-------++-------
Melee: Flail             |   112 |   175 ||   287
 Abil: Dig               |     1 |     2 ||     3
  Use: Potion            |       |     1 ||     1
  Eat: Chunk             |       |     6 ||     6
